 Dungeon Crawl Stone Soup version 0.30.1-9-gdf580d7c3d (webtiles) character file.

Game seed: 13810779627593154040

51 Ivernyr the Shield-Bearer (level 4, 37/37 HPs)
             Began as a Formicid Fighter on Oct 6, 2023.
             Got out of the dungeon alive.
             The game lasted 00:01:52 (1157 turns).

Ivernyr the Shield-Bearer (Formicid Fighter)        Turns: 1157, Time: 00:01:52

Health: 37/37      AC:  7    Str: 20    XL:     4   Next: 5%
Magic:  4/4        EV:  9    Int:  8    God:
Gold:   49         SH:  5    Dex: 15    Spells: 3/3 levels left

rFire   . . .        a - +0 long sword
rCold   . . .        c - +0 buckler
rNeg    . . .        b - +0 scale mail
rPois   .            (helmet unavailable)
rElec   .            (no cloak)
rCorr   .            (no gloves)
SInv    +            (no boots)
Will    .....        (no amulet) Stlth
                     (no ring)
HPRegen 0.26/turn    (no ring)
MPRegen 0.09/turn

%: no passive effects
@: no status effects
A: permanent stasis, dig shafts and tunnels, antennae 3, four strong arms
a: Dig, Shaft Self


You escaped.
You visited 1 branch of the dungeon, and saw 2 of its levels.

You collected 49 gold pieces.

Inventory:

Hand Weapons
 a - a +0 long sword (weapon)
Armour
 b - a +0 scale mail (worn)
 c - a +0 buckler (worn)
Scrolls
 f - a scroll of teleportation {unknown}
 g - a scroll of identify {unknown}
 k - a scroll of enchant armour {unknown}
Potions
 d - 5 potions of might
 e - 2 potions of heal wounds {unknown}
 h - 3 potions of curing {unknown}
 i - a potion of resistance {unknown}
 j - a potion of flight {unknown}
 l - a potion of haste {unknown}


   Skills:
 + Level 3.6 Fighting
 * Level 2.9 Long Blades
 + Level 3.7 Armour
 + Level 4.5 Shields


You had 3 spell levels left.
You didn't know any spells.
Your spell library was empty.

Dungeon Overview and Level Annotations

Branches:
Dungeon (2/15)

Altars:

Shops:
D:2 :


Innate Abilities, Weirdness & Mutations

You cannot be hasted, slowed, berserked, paralysed or teleported.
You can dig through walls and to a lower floor.
You have a pair of large antennae on your head. (SInv)
Your four strong arms can wield two-handed weapons with a shield.


Message History

You slash the bat!
You kill the bat!
The frilled lizard bites you.
You have reached level 4!
You feel clever.
You hit the frilled lizard.
You kill the frilled lizard!
You see here a frilled lizard corpse.
You open the door.
A quokka and a frilled lizard come into view.
The frilled lizard hisses angrily.
There are monsters nearby!
The quokka barely misses you.
There is an open door here.
You hit the quokka but do no damage.
The quokka bites you but does no damage.
You slash the quokka!
You kill the quokka!
You slash the frilled lizard!
You kill the frilled lizard!
Found 7 stones.
You see here a quokka corpse.
As you open the door, it creaks loudly!
Found Cystrig's Book Boutique.
There is an open door here.
There is an entrance to Cystrig's Book Boutique here.
(D) Dungeon
Where to? (Enter - D:2, ? - help)
What level of the Dungeon? (default 1, ? - help)
There is an open door here.
You open the door.
There is an open door here.
There is a stone staircase leading up here.
You climb upwards.
There is a stone staircase leading down here.
There is a dry fountain here.
There is a dry fountain here.
There is a staircase leading out of the dungeon here.
Are you sure you want to leave the Dungeon?
This will make you lose the game!
You have escaped!

....##......⌠.......⌠......#
##.####...................## ####
##..⌠...⌠...⌠...⌠..## ...#
##...............## ##.#
##.⌠....⌠....⌠.######
##.########...........##....# ###
.......##.##..⌠...⌠..##.###.# #..
##........###.......##..#.#.###..
##..~~~.....##..@..##....#...)...
.....⌠...)#####.>.##.#....#.###..
##...~~.....#.#####.......#.# #..
##.......#.#..#.....)......# #.#
##.##...#....#..#.##...#### #.#
#......####.#..#.##...# #..
####...# ##.#.........#### ###
#...# #...###.#.......####
#######...###..........#.#.....#


There were no monsters in sight!

Vanquished Creatures
  An adder (D:2)
  3 dart slugs (D:1)
  2 bats
  4 endoplasms (D:1)
  2 giant cockroaches
  2 goblins
  2 hobgoblins (D:1)
  6 quokkas
  2 ball pythons (D:1)
  2 frilled lizards (D:2)
  4 kobolds (D:1)
  4 rats
34 creatures vanquished.

Notes
Turn   | Place    | Note
-------+----------+-------------------------------------------
     0 | D:1      | Ivernyr the Formicid Fighter began the quest for the Orb.
     0 | D:1      | Reached XP level 1. HP: 18/18 MP: 1/1
   104 | D:1      | Reached XP level 2. HP: 22/24 MP: 2/2
   367 | D:1      | Reached XP level 3. HP: 29/29 MP: 3/3
  1076 | D:2      | Reached XP level 4. HP: 31/37 MP: 4/4
  1113 | D:2      | Found Cystrig's Book Boutique.
  1157 | D:$      | Got out of the dungeon alive.

Illustrated notes

Levels and vault maps discovered:
D:1:      dpeg_arrival_lava_temple_mockup, layout_loops_cross,
          dk_noncrumbling_2, columned_hall_lemuel, corexii_leaking_fountain
D:2:      layout_loops_corners, dreamdust_ecumenical_altar_sealed_demon,
          serial_shops, nicolae_shop_behind_doors, minmay_rat_gold_closets

Action                     |  1- 3 |  4- 6 || total
---------------------------+-------+-------++-------
  Melee: Long sword        |    88 |     4 ||    92
 Armour: Scale mail        |    33 |     1 ||    34
  Dodge: Dodged            |    41 |     1 ||    42
  Block: Buckler           |    27 |       ||    27
